 Dungeon Sprint DCSS version 0.27-a0-1217-g8a41f320e8 (webtiles) character file.

Game seed: 8390936806354504359

10 mhtbhm the Cudgeller (level 2, 0/28 HPs)
             Began as a Minotaur Berserker on June 5, 2021.
             Was a Follower of Trog.
             Splashed by an oklob sapling's acid (16 damage)
             ... in the Dungeon (Sprint IV: "Fedhas' Mad Dash").
             The game lasted 00:00:09 (138 turns).

mhtbhm the Cudgeller (Minotaur Berserker)            Turns: 138, Time: 00:00:09

Health: 0/28       AC: -1    Str: 21    XL:     2   Next: 10%
Magic:  1/1        EV: 12    Int:  4    God:    Trog [*.....]
Gold:   0          SH:  0    Dex:  9    Spells: 1/1 levels left

rFire    . . .     SeeInvis .   a - +0 mace
rCold    . . .     Faith    .   (no shield)
rNeg     . . .     Spirit   .   b - +0 animal skin
rPois    .         Reflect  .   (helmet restricted)
rElec    .         Harm     .   (no cloak)
rCorr    .         Rampage  .   (no gloves)
Will     .....     NoTele   +   (no boots)
Stlth    +.........             (no amulet)
HPRegen  0.09/turn              (no ring)
MPRegen  0.07/turn              (no ring)

@: corroded
A: horns 2, retaliatory headbutt
a: Renounce Religion, Berserk


You were in the Dungeon.
You worshipped Trog.
Trog was aware of your devotion.
You visited 1 branch

Inventory:

Hand Weapons
 a - a +0 mace (weapon)
Armour
 b - a +0 animal skin (worn)
Scrolls
 h - a scroll of blinking
Potions
 c - a potion of curing
 d - a potion of heal wounds
 e - a potion of haste
 f - 2 potions of magic
 g - a potion of berserk rage


   Skills:
 + Level 4.8 Fighting
 + Level 4.8 Maces & Flails
 + Level 2.9 Armour
 + Level 2.7 Dodging


You had one spell level left.
You didn't know any spells.
Your spell library was empty.

Dungeon Overview and Level Annotations

Branches:
Dungeon (1/1)

Altars:

Annotations:
D exclusion: oklob sapling


Innate Abilities, Weirdness & Mutations

You have a pair of horns on your head.
You reflexively headbutt those who attack you in melee.


Message History

The river rat barely misses you.
You hit the river rat.
You headbutt the river rat, but do no damage.
The river rat is severely wounded.
You hit the river rat.
The river rat is almost dead.
The river rat bites you.
You completely miss the river rat.
The river rat is almost dead.
The river rat bites you.
You sock the river rat!
You kill the river rat!
Trog accepts your kill.
Your Fighting skill increases to level 4!
Your Maces & Flails skill increases to level 4!
You have reached level 2!
There is an open door, spattered with blood here.
You see here a rat corpse.
Unknown command.
You feel a strong urge to attack something.
You are no longer berserk.
You pass out from exhaustion.
You feel yourself slow down.
You can move again.
You see here a staff of poison.
You start resting.
You feel yourself speed up.
You start resting.
You recover from your berserk rage.
You start resting.
HP restored.
You start waiting.
You open the door.
An oklob sapling comes into view.
Marking area around an oklob sapling as unsafe for travelling.
Found 37 gold pieces.
The oklob sapling spits acid at you. The splash of acid hits you!
The acid corrodes you!
You are splashed with acid!
Ouch! That really hurt!
You die...

##################
#<..P#.....#.$$$$#
#PP..†.|...@.#
#PPPP#.....#P#
##############


You could see an oklob sapling.

Vanquished Creatures
  A river rat (D)
  A rat (D)
2 creatures vanquished.

Notes
Turn   | Place    | Note
-------+----------+-------------------------------------------
     0 | D        | mhtbhm the Minotaur Berserker began the quest for the Orb.
     0 | D        | Reached XP level 1. HP: 19/19 MP: 0/0
    17 | D        | Reached XP level 2. HP: 28/28 MP: 1/1
   137 | D        | Noticed an oklob sapling
   138 | D        | Splashed by an oklob sapling's acid

Illustrated notes

Levels and vault maps discovered:
D:        dungeon_sprint_fedhas [sprint_temple]

Skill      XL: |  1 |
---------------+----+-----
Fighting       | 4 |  4.8
Maces & Flails | 4 |  4.8
Armour         | |  2.9
Dodging        | |  2.7

Action                   || total
-------------------------++-------
Melee: Mace              ||     7
       Headbutt          ||     1
Invok: Berserk           ||     1
Dodge: Dodged            ||     1

Table legend: (Time is in decaauts)
 A = Elapsed time spent in this place.
 B = Non-inter-level travel time spent in this place.
 C = Inter-level travel time spent in this place.
 D = Time resting spent in this place.
 E = Time spent auto-exploring this place.
 F = Levels seen in this place.
 G = Mean time per level.
                   A        B        C        D        E       F      G
               +--------+--------+--------+--------+--------+-----+--------+
         Total |    145 |    145 |      0 |    121 |      0 |   1 |  145.0 |
       Dungeon |    145 |    145 |      0 |    121 |      0 |   1 |  145.0 |
               +--------+--------+--------+--------+--------+-----+--------+

Top non-repeatable levels by time:
       D: 145 daAuts
